 Dungeon Crawl Stone Soup version 0.30.1 (webtiles) character file.

Game seed: 9078166390169991799

2793 Graphine the Sneak (level 9, -6/69 HPs)
             Began as a Merfolk Brigand on July 7, 2023.
             Was an Initiate of Gozag.
             Mangled by a wraith (9 damage)
             ... on level 9 of the Dungeon.
             The game lasted 00:25:55 (8031 turns).

Graphine the Sneak (Merfolk Brigand)                Turns: 8031, Time: 00:25:56

Health: -6/69      AC:  8    Str: 11    XL:     9   Next: 71%
Magic:  14/16      EV: 17    Int: 11    God:    Gozag
Gold:   746        SH:  0    Dex: 21    Spells: 14/17 levels left

rFire   . . .        q - +2 rapier (venom)
rCold   . . .        (no shield)
rNeg    . . .        b - +0 robe
rPois   +            f - +0 helmet
rElec   .            o - +1 cloak
rCorr   .            (no gloves)
SInv    .            k - +2 pair of boots
Will    .....        (no amulet)
Stlth   ++++         (no ring)
HPRegen 0.31/turn    (no ring)
MPRegen 0.15/turn

%: no passive effects
@: slowed, studying Maces & Flails, invisible, very slow
A: (nimble swimmer 2), mertail, agile 1, poison resistance
a: Renounce Religion, Potion Petition, Call Merchant, Bribe Branch


You were on level 9 of the Dungeon.
You worshipped Gozag.
Gozag was pleased with you.
You visited 1 branch of the dungeon, and saw 7 of its levels.

You collected 786 gold pieces.
You paid 40 gold pieces to Gozag.

Inventory:

Hand Weapons
 a - a +2 dagger of flaming
 l - a +0 long sword
 q - a +2 rapier of venom (weapon)
 r - a +3 bardiche
Missiles
 d - 10 poisoned darts
 i - 3 curare-tipped darts
 j - a throwing net
 m - 8 boomerangs (quivered)
Armour
 b - a +0 robe (worn)
 f - a +0 helmet (worn)
 k - a +2 pair of boots (worn)
 o - a +1 cloak (worn)
Wands
 e - a wand of flame (9)
 g - a wand of polymorph (1)
Scrolls
 c - 2 scrolls of identify
 p - a scroll of brand weapon
Potions
 h - a potion of mutation
 n - 2 potions of cancellation


   Skills:
 * Level 6.1 Fighting
 * Level 3.4 Short Blades
 * Level 5.1 Throwing
 * Level 7.1 Dodging
 * Level 7.8 Stealth
 * Level 4.6 Spellcasting
 * Level 5.0 Summonings


You had 14 spell levels left.
You knew the following spells:

 Your Spells              Type           Power      Damage    Failure   Level
a - Call Canine Familiar  Summ           13%        N/A       9%          3

Your spell library contained the following spells:

 Spells                   Type           Power      Damage    Failure   Level
 Freeze                   Ice            8%         1d3       22%         1
 Frozen Ramparts          Ice            4%         1d1       56%         3
 Hailstorm                Conj/Ice       2%         3d3       56%         3
 Portal Projectile        Hex/Tloc       4%         N/A       56%         3
 Leda's Liquefaction      Hex/Erth       1%         N/A       92%         4


Dungeon Overview and Level Annotations

Branches:
Dungeon (6/15)
 Temple: D:4-7

Altars:
Elyvilon
Gozag
Kikubaaqudgha
Makhleb
Sif Muna
Uskayaw
Wu Jian
Xom
Zin

Shops:
D:3 (


Innate Abilities, Weirdness & Mutations

((You are very nimble when in or above water. (Stealth+, EV+, Speed+++)))
Your lower body shifts to a powerful aquatic tail in water.
You are agile. (Dex +4, Str/Int -1)
Your system is resistant to poisons. (rPois)


Message History

A howler monkey comes into view.
Casting: Call Canine Familiar (dangerous; 9% risk of failure)
Confirm with . or Enter, or press ? or * to list all spells.
The wraith misses you.
Your hound barely misses the wraith.
The wraith closely misses you.
Your hound bites the wraith but does no damage. x2
There is a stone staircase leading up here.
You hit the wraith but do no damage.
Your hound barely misses the wraith.
The wraith misses you.
You closely miss the wraith.
Your hound closely misses the wraith.
The wraith hits you but does no damage.
Your hound closely misses the wraith.
You barely miss the wraith.
Your hound bites the wraith but does no damage.
The wraith completely misses you.
You closely miss the wraith.
Your hound barely misses the wraith.
The wraith hits you.
* * * LOW HITPOINT WARNING * * *
The wraith drains your vigour!
You feel yourself slow down.
Your hound bites the wraith but does no damage.
You closely miss the wraith.
Your hound bites the wraith but does no damage.
The wraith misses you.
Your hound closely misses the wraith.
You barely miss the wraith.
Your hound bites the wraith.
The wraith hits you.
* * * LOW HITPOINT WARNING * * *
Your hound bites the wraith but does no damage.
The wraith barely misses you.
You puncture the wraith!
The wraith is moderately damaged.
Your hound bites the wraith but does no damage.
The wraith hits you!
* * * LOW HITPOINT WARNING * * *
Your hound bites the wraith but does no damage.
The wraith misses you.
Your hound misses the wraith.
You fade into invisibility!
Your hound barely misses the wraith.
The wraith misses you.
Your hound bites the wraith but does no damage.
Your hound bites the wraith but does no damage.
The wraith hits you!
You die...
Your body crumbles into a pile of gold.

..........W......##
.......
.....##>..## #.
.......
.#..##.....###...
..#...
.................#
.#.....
..##............##
.#.#...
.h..###.........#
...#...
...###...........#
...>...
.......Wh.......##
...###.
.......<@.#....##
....#
..........##.....
......
.................
.###o.o
..............##
... ...
#......###......
.... ##..... ..#...
..h. ......# .##.##
..o. .##... .. #
...


You could see a wraith (ally target) and a friendly hound (summoned).

Vanquished Creatures
  Grinder (D:4)
  2 hornets (D:9)
  Sigmund (D:2)
  A water moccasin (D:6)
  4 nameless horrors
  2 sky beasts (D:6)
  2 ogres
  A phantom (D:5)
  2 bullfrogs
  A scorpion (D:5)
  2 wights (D:6)
  Dowan (D:4)
  A jelly (D:4)
  An orc priest (D:5)
  A hound (D:4)
  A gnoll bouda (D:5)
  Crazy Yiuf (D:4)
  Ijyb (D:4)
  2 iguanas (D:4)
  4 gnolls
  3 adders
  2 ufetubi
  2 worms (D:4)
  2 orcs
  8 ball pythons
  3 endoplasms
  5 giant cockroaches
  6 goblins
  5 hobgoblins
  4 jackals (D:1)
  6 quokkas
  8 bats
  2 frilled lizards
  13 kobolds
  10 rats
111 creatures vanquished.

Vanquished Creatures (collateral kills)
  The ghost of Merkmiralles the Chopper, an amateur MiBe of Trog (D:3)
  Eustachio (D:6)
  A water moccasin (D:6)
  Duvessa (D:4)
  A phantom (D:5)
  A kobold brigand (D:6)
  A wight (D:6)
  A hound (D:4)
  An orc wizard (D:5)
  5 gnolls
  A white imp (D:6)
  3 orcs (D:5)
  A goblin (D:4)
  A hobgoblin (D:4)
  3 kobolds (D:3)
  A ball python (D:4)
24 creatures vanquished.

Grand Total: 135 creatures vanquished

Notes
Turn   | Place    | Note
-------+----------+-------------------------------------------
     0 | D:1      | Graphine the Merfolk Brigand began the quest for the Orb.
     0 | D:1      | Reached XP level 1. HP: 16/16 MP: 1/1
   131 | D:1      | Reached XP level 2. HP: 16/23 MP: 2/2
   570 | D:1      | Reached XP level 3. HP: 22/28 MP: 3/3
   673 | D:1      | Reached skill level 1 in Summonings
  1734 | D:2      | Found a burning altar of Makhleb.
  1778 | D:2      | Reached skill level 1 in Spellcasting
  1778 | D:2      | Reached XP level 4. HP: 15/34 MP: 5/5
  1990 | D:2      | Found a faded altar of an unknown god.
  1990 | D:2      | Noticed an orange demon
  2070 | D:2      | Reached skill level 5 in Stealth
  2074 | D:2      | Noticed Sigmund
  2090 | D:2      | Killed Sigmund
  2091 | D:2      | Reached XP level 5. HP: 31/41 MP: 5/8
  2091 | D:2      | Reached XP level 6. HP: 36/47 MP: 5/9
  2325 | D:3      | Found Ifreus's Antique Weapon Boutique.
  2568 | D:3      | Found a runed translucent gate.
  2568 | D:3      | Found a runed translucent gate.
  2568 | D:3      | Found a runed translucent gate.
  2571 | D:3      | Noticed Merkmiralles's ghost (amateur MiBe)
  2645 | D:3      | Found an ornate altar of the Wu Jian Council.
  2645 | D:3      | Found a white marble altar of Elyvilon.
  2648 | D:3      | Found a hide-covered altar of Uskayaw.
  2650 | D:3      | Found an ancient bone altar of Kikubaaqudgha.
  2655 | D:3      | Learned a level 3 spell: Call Canine Familiar
  2658 | D:3      | Found a shimmering altar of Xom.
  2733 | D:3      | Found an opulent altar of Gozag.
  2929 | D:3      | Became a worshipper of Gozag Ym Sagoz the Greedy
  3091 | D:3      | Noticed a nameless horror
  3233 | D:4      | Noticed Dowan
  3251 | D:4      | Noticed Duvessa
  3267 | D:4      | Gained mutation: You are agile. (Dex +4, Str/Int -1)
                  | [potion of mutation]
  3267 | D:4      | Gained mutation: Your system is resistant to poisons.
                  | (rPois) [potion of mutation]
  3274 | D:4      | Killed Duvessa
  3277 | D:4      | Noticed a nameless horror
  3473 | D:4      | Killed Dowan
  3474 | D:4      | Reached XP level 7. HP: 20/53 MP: 0/10
  3624 | D:3      | Killed Merkmiralles's ghost
  3826 | D:3      | Noticed a nameless horror
  3912 | D:1      | Killed a nameless horror
  4096 | D:3      | Noticed a nameless horror
  4139 | D:3      | Killed a nameless horror
  4148 | D:3      | Killed a nameless horror
  4487 | D:4      | Killed a nameless horror
  4709 | D:4      | Noticed Ijyb
  4762 | D:4      | Killed Ijyb
  5109 | D:4      | Noticed Grinder
  5121 | D:4      | Paralysed by Grinder for 3 turns
  5128 | D:4      | Paralysed by Grinder for 2 turns
  5131 | D:4      | Killed Grinder
  5132 | D:4      | Reached skill level 5 in Dodging
  5132 | D:4      | Reached XP level 8. HP: 59/61 MP: 7/12
  5185 | D:4      | Found a runed translucent door.
  5186 | D:4      | Noticed Crazy Yiuf
  5207 | D:4      | Killed Crazy Yiuf
  5460 | D:4      | Found a shimmering blue altar of Sif Muna.
  5487 | D:4      | Found a glowing silver altar of Zin.
  6072 | D:5      | Entered Level 5 of the Dungeon
  6537 | D:5      | Reached skill level 5 in Fighting
  7201 | D:6      | Noticed Eustachio
  7227 | D:6      | Reached XP level 9. HP: 9/68 MP: 7/15
  7472 | D:6      | Killed Eustachio
  7849 | D:6      | You fall into a shaft and drop 3 floors!
  7851 | D:9      | Noticed a hornet
  7864 | D:9      | Killed a hornet
  7869 | D:9      | Noticed a cyclops
  7871 | D:9      | Noticed a kobold demonologist
  7880 | D:9      | Noticed a rust devil
  7883 | D:9      | Noticed a hornet
  7889 | D:9      | Killed a hornet
  7890 | D:9      | Reached skill level 5 in Throwing
  7890 | D:9      | Reached skill level 5 in Summonings
  8029 | D:9      | HP: 2/69 [wraith (10)]
  8031 | D:9      | Mangled by a wraith

Illustrated notes

Levels and vault maps discovered:
D:1:      minmay_arrival_nine_rooms, layout_basic, minmay_domino_4
D:2:      layout_loops_ring, dreamdust_ecumenical_altar_sealed_demon,
          basic_altar, uniq_sigmund
D:3:      layout_loops_cross, nicolae_gozag_cash_rules_everything_around_me,
          grunt_temple_overflow_open, serial_shops, shop,
          gammafunk_ghost_nasty_kobolds
D:4:      layout_basic, zin_treasury, lemuel_blue_sif_altar,
          portal_sewer_entry_b, uniq_ijyb, uniq_crazy_yiuf_cottage,
          uniq_duvessa, uniq_grinder
D:5:      layout_loops_cross
D:6:      layout_basic, minmay_temple_entry_ruins, uniq_eustachio
D:9:      layout_cave_pools, minmay_orc_entry_guard_dogs, minmay_diced_spiral

Skill      XL: |  1  2  3  4  5  6  7  8  9 |
---------------+----------------------------+-----
Dodging        | 2 3 4 5 6 7 |  7.1
Summonings     | 1 2 3 4 5 |  5.0
Spellcasting   | 1 2 3 4 |  4.6
Stealth        | 5 6 7 |  7.8
Fighting       | 3 4 5 6 |  6.1
Throwing       | 3 4 5 |  5.1
Short Blades   | 3 |  3.4

Action                     |  1- 3 |  4- 6 |  7- 9 || total
---------------------------+-------+-------+-------++-------
  Melee: Dagger            |   102 |    81 |   299 ||   482
         Punch             |     2 |     2 |     4 ||     8
         Long sword        |       |       |    34 ||    34
         Unarmed           |       |       |     5 ||     5
         Rapier            |       |       |    70 ||    70
  Throw: Dart              |     9 |    14 |     5 ||    28
         Boomerang         |       |    15 |    24 ||    39
   Cast: Call Canine Famil |       |     8 |    32 ||    40
    Use: Scroll            |     2 |     6 |     3 ||    11
         Potion            |       |     1 |     8 ||     9
   Stab: Sleeping          |    12 |     5 |     7 ||    24
         Distracted        |       |       |     4 ||     4
 Armour: Robe              |    44 |    31 |   106 ||   181
         Skin              |       |       |    13 ||    13
  Dodge: Dodged            |    89 |    54 |   288 ||   431
